 Dungeon Crawl Stone Soup version 0.32-a0-705-g60f233581c (webtiles) character file.

Game seed: 7860373378488593204

184 ArchonOfCruelty the Shield-Bearer (level 5, -10/42 HPs)
             Began as a Formicid Fighter on Mar 14, 2024.
             Mangled by an iguana (11 damage)
             ... on level 4 of the Dungeon.
             The game lasted 00:02:47 (2290 turns).

ArchonOfCruelty the Shield-Bearer (FoFi)            Turns: 2290, Time: 00:02:48

Health: -10/42     AC: 10    Str: 22    XL:     5   Next: 95%
Magic:  6/6        EV:  7    Int:  8    God:
Gold:   258        SH:  5    Dex: 13    Spells: 4/4 levels left

rFire   . . .        a - +0 war axe
rCold   . . .        c - +0 buckler
rNeg    . . .        j - +0 chain mail
rPois   .            (helmet unavailable)
rElec   .            e - +0 cloak
rCorr   .            (no gloves)
SInv    +            (no boots)
Will    .....        (no amulet) Stlth
                     (no ring)
HPRegen 0.27/turn    (no ring)
MPRegen 0.10/turn

%: no passive effects
@: mighty
A: permanent stasis, dig shafts and tunnels, antennae 3, four strong arms
a: Dig, Shaft Self


You were on level 4 of the Dungeon.
You visited 1 branch of the dungeon, and saw 4 of its levels.

You collected 258 gold pieces.

Inventory:

Hand Weapons
 a - a +0 war axe (weapon)
Armour
 c - a +0 buckler (worn)
 e - a +0 cloak (worn)
 j - a +0 chain mail (worn)
 n - a +0 pair of boots
Scrolls
 b - 2 scrolls of summoning {unknown}
 f - 2 scrolls of enchant weapon {unknown}
 g - 2 scrolls of fog {unknown}
 h - a scroll of noise {unknown}
 i - 3 scrolls of identify {unknown}
 o - a scroll of vulnerability {unknown}
Potions
 k - a potion of enlightenment {unknown}
 l - a potion of magic {unknown}
 m - a potion of ambrosia {unknown}
 p - a potion of invisibility {unknown}


   Skills:
 + Level 4.2 Fighting
 * Level 3.8 Axes
 - Level 3.2 Armour
 + Level 5.1 Shields
 + Level 2.5 Invocations


You had 4 spell levels left.
You didn't know any spells.
Your spell library contained the following spells:

 Spells                   Type           Power      Damage    Failure   Level
 Slow                     Hex            0%         N/A       98%         1
 Confusing Touch          Hex            0%         N/A       100%        3
 Passwall                 Erth           0%         N/A       100%        3
 Vampiric Draining        Necr           0%         2d6       100%        3
 Volatile Blastmotes      Fire/Tloc      0%         2d10      100%        3
 Bombard                  Conj/Erth      0%         9d1       100%        6


Dungeon Overview and Level Annotations

Branches:
Dungeon (4/15)
 Temple: D:4-7

Altars:
Cheibriados
Yredelemnul

Annotations:
D:4 Menkaure


Innate Abilities, Weirdness & Mutations

You cannot be hasted, slowed, berserked, paralysed or teleported.
You can dig through walls and to a lower floor.
You have a pair of large antennae on your head. (SInv)
Your four strong arms can wield two-handed weapons with a shield.


Message History

The iguana is moderately wounded.
The iguana bites you.
You slash the iguana!
The iguana is severely wounded.
You block the iguana's attack.
Menkaure gestures at you while chanting.
Pain shoots through your body!
You are too injured to fight recklessly!
You are too injured to fight recklessly!
You are too injured to fight recklessly!
You are too injured to fight recklessly!
You are too injured to fight recklessly!
You are too injured to fight recklessly!
You are too injured to fight recklessly!
You are too injured to fight recklessly!
You are too injured to fight recklessly!
You are too injured to fight recklessly!
You are too injured to fight recklessly!
You are too injured to fight recklessly!
You are too injured to fight recklessly!
You are too injured to fight recklessly!
You are too injured to fight recklessly!
You are too injured to fight recklessly!
You are too injured to fight recklessly!
You feel very mighty all of a sudden. The iguana barely misses you.
Menkaure points at you and mumbles some strange words.
Pain shoots through your body!
* * * LOW HITPOINT WARNING * * *
The iguana bites you.
* * * LOW HITPOINT WARNING * * *
Unknown command.
You hit Menkaure.
Menkaure is lightly damaged.
You barely miss the iguana. You slash the plant!
The plant begins to die.
Menkaure shouts, "The sands of time shall wipe you from history!"
Menkaure hits you.
* * * LOW HITPOINT WARNING * * *
The iguana bites you!
You die...

... #.# .... # # ... #
... # .# # # ,.( # #.#
.# #. .### .## ##.##.#
#P♣♣♣.(####....
#.....#####~~♣PMr.......
#..........~...@l.......
#.......#####...........
#....##...###...##......
##....##....#..#♣♣ ...#♣
†...............♣ ....
####.####...†...♣ $.⌠
##.....##...>...♣ .P
#.......#.......♣ .
#.......#.......♣


You could see Menkaure, an iguana and a quokka.

Vanquished Creatures
  A jelly (D:4)
  An iguana (D:3)
  A sleepcap (D:4)
  3 adders
  An ufetubus (D:4)
  3 dart slugs
  2 ribbon worms (D:4)
  6 orcs (D:3)
  3 ball pythons
  4 bats
  An endoplasm (D:2)
  3 giant cockroaches
  5 goblins
  3 hobgoblins
  6 jackals
  4 quokkas
  A kobold (D:3)
  6 rats
54 creatures vanquished.

Notes
Turn   | Place    | Note
-------+----------+-------------------------------------------
     0 | D:1      | ArchonOfCruelty the Formicid Fighter began the quest for
                  | the Orb.
     0 | D:1      | Reached XP level 1. HP: 18/18 MP: 1/1
    29 | D:1      | Reached XP level 2. HP: 19/24 MP: 2/2
   339 | D:1      | Reached skill level 1 in Invocations
   341 | D:1      | Reached XP level 3. HP: 26/29 MP: 3/3
   834 | D:2      | Reached XP level 4. HP: 37/37 MP: 5/5
  1201 | D:3      | Found a snail-covered altar of Cheibriados.
  1407 | D:3      | Found a faded altar of an unknown god.
  1743 | D:3      | Reached XP level 5. HP: 23/42 MP: 6/6
  2136 | D:4      | Reached skill level 5 in Shields
  2257 | D:4      | Found a basalt altar of Yredelemnul.
  2284 | D:4      | Noticed Menkaure
  2290 | D:4      | HP: 1/42 [Menkaure (5)]
  2290 | D:4      | Mangled by an iguana

Illustrated notes

Levels and vault maps discovered:
D:1:      roderic_crossed_star, layout_loops_ring
D:2:      layout_rooms
D:3:      layout_basic, mainiacjoe_overflow_paths, basic_ecumenical_altar,
          hangedman_glass_teeth, grunt_decor_arrowhead, dk_noncrumbling_4,
          minmay_misc_feat_square
D:4:      layout_rooms, mainiacjoe_overflow_alcove_1,
          mainiacjoe_overflow_catwalk, old_standard_altar, lemuel_tele_altar,
          gammafunk_ghost_grave, serial_demonic, serial_demonic_d,
          serial_demonic_c, serial_demonic_e, serial_demonic_d,
          serial_bayou_pond_d, uniq_menkaure

Skill      XL: |  1  2  3  4  5 |
---------------+----------------+-----
Invocations    | 1 2 |  2.5
Axes           | 3 |  3.8
Fighting       | 4 |  4.2
Shields        | 5 |  5.1
Armour         | |  3.2

Action                     |  1- 3 |  4- 6 || total
---------------------------+-------+-------++-------
  Melee: War axe           |    39 |   113 ||   152
    Use: Potion            |       |     1 ||     1
 Armour: Scale mail        |    29 |     5 ||    34
         Chain mail        |       |   125 ||   125
  Dodge: Dodged            |    21 |    56 ||    77
  Block: Buckler           |     5 |    43 ||    48

Table legend: (Time is in decaauts)
 A = Elapsed time spent in this place.
 B = Non-inter-level travel time spent in this place.
 C = Inter-level travel time spent in this place.
 D = Time resting spent in this place.
 E = Time spent auto-exploring this place.
 F = Levels seen in this place.
 G = Mean time per level.
                   A        B        C        D        E       F      G
               +--------+--------+--------+--------+--------+-----+--------+
         Total |   2346 |   2236 |    110 |      0 |   1806 |   4 |  586.5 |
       Dungeon |   2346 |   2236 |    110 |      0 |   1806 |   4 |  586.5 |
               +--------+--------+--------+--------+--------+-----+--------+

Top non-repeatable levels by time:
     D:3: 1108 daAuts
     D:1: 584 daAuts
     D:2: 422 daAuts
     D:4: 231 daAuts
